cohdb
Replays
Latest Replays
All Replays
Popular Replays
Top Player Replays
Match Explorer
How It Works
Community
CoH3 Stats
Reddit
Sign in to upload your games and track your stats! →
Sign in with Steam
Match 47318093
Unlisted
Match 47318093
Overview
Messages
Build Orders
End
Panzergrenadier Squad
250 Light Carrier
Panzergrenadier Squad
Construct Light Support Kompanie
Combat Half-tracks
MG34 Team
2.5-tonne Medical Truck
Selects Battlefield Espionage Battlegroup
Selects 250/3 Funkpanzerwagen
Panzerjäger Mechanized Group
Fire Support Elements
Flakvierling Half-track
Selects Anti-Tank Incendiary Munitions
Vehicle Survival Package
Pak 38 Mechanized Group
Selects Intel Disruption Beacon
250/3 Funkpanzerwagen
Construct Panzerarmee Kommand
Selects Transfer Depots
Veteran Squad Leaders
Selects Firestorm
Armored Reserves
Emergency Repair Kits
Selects Operation Skorpion
Tiger Heavy Tank
Firestorm
Rapid Advance
Advanced Optics
Pak 38 Anti-tank Gun Team
Firestorm
Firestorm
Pak 38 Anti-tank Gun Team
Firestorm
[BPX] Kronosaur0s
Ermac
RtN.momo4sho
Havoc
0
0
Comments
sign in to comment!
No comments posted yet!